Map: Automaton LE

Players

TiPtOP - Winner!

  • Race: Terran Terran
  • League: Silver
  • Spawn Location: 9:00

VOD

Have the link to the VOD?

Description

Time

  • Played on: May 8, 2019, 9:11 p.m.
  • Length: 14:16
Show
View Real Time Build Order
Export as new Build Order

TiPtOP Terran - Winner!

Build Orders:  

Get SALT Encoding   

  12  0:01  SCV  
  13  0:18  SCV  
  14  0:31  Supply Depot  
  14  0:35  SCV  
  15  1:01  SCV  
  15  1:04  Barracks  
  16  1:18  SCV  
  17  1:35  SCV  
  18  1:42  Refinery  
  18  1:52  SCV  
  19  2:10  Orbital Command  
  19  2:25  Command Center  
  19  2:49  SCV  
  20  3:04  Barracks Reactor  
  20  3:07  Barracks  
  20  3:19  Supply Depot  
  20  3:23  SCV  
  21  3:48  SCV  
  22  3:59  Marine x2  
  24  4:15  SCV x2  
  24  4:17  Barracks Tech Lab  
  26  4:32  SCV  
  27  4:49  Stimpack  
  27  4:50  Marine  
  27  4:53  Marine x2  
  30  5:06  Barracks  
  30  5:14  SCV  
  30  5:16  SCV  
  32  5:29  Refinery  
  32  5:31  SCV  
  32  5:33  SCV  
  32  5:35  Marine x3  
  37  5:52  Factory, SCV x2  
  39  6:07  Marine  
  39  6:08  Marine x2, Supply Depot  
  42  6:12  SCV x2  
  44  6:29  SCV  
  45  6:40  Supply Depot  
  45  6:46  SCV  
  47  6:51  Orbital Command  
  47  6:53  Marine x2  
  47  6:59  Barracks Reactor  
  48  7:01  Marine  
  48  7:07  Factory Reactor  
  49  7:13  Starport  
  49  7:28  Supply Depot  
  49  7:32  Marine x3  
  52  7:55  SCV  
  52  7:56  SCV  
  54  8:14  SCV  
  54  8:15  SCV  
  54  8:19  Factory Tech Lab  
  56  8:25  Engineering Bay  
  56  8:30  Command Center  
  56  8:36  Supply Depot  
  56  8:40  SCV x2  
  56  8:46  Refinery  
  58  8:55  Siege Tank  
  61  9:01  Medivac x2  
  61  9:05  Marine x2, Marauder  
  61  9:07  Marine  
  61  9:09  Terran Infantry Weapons Level 1  
  70  9:18  Engineering Bay  
  70  9:25  Marine  
  71  9:30  Marine x2, Supply Depot  
  71  9:32  Marine  
  74  9:40  Siege Tank  
  77  9:50  Marine  
  78  10:00  Marine, Marauder  
  78  10:01  Supply Depot  
  81  10:16  Terran Infantry Armor Level 1  
  81  10:20  Unknown  
  81  10:32  Marine x2  
  81  10:33  Marauder  
  81  10:34  Marine x2, Supply Depot  
  81  10:37  Siege Tank  
  90  10:59  Unknown, Marine  
  91  11:00  Marine x2  
  91  11:03  Marauder  
  91  11:08  SCV x2  
  97  11:15  Siege Tank  
  97  11:25  SCV x2  
  99  11:33  Marauder  
  99  11:36  Unknown  
  100  12:07  Siege Tank  
  100  12:10  Siege Tank  
  100  12:14  Unknown  
  100  12:28  Unknown  
  100  12:42  Siege Tank  
  100  12:43  Siege Tank  
  100  12:44  Siege Tank  
  99  12:51  Unknown  
Tags
 
Add a new tag
Caveats
  • Supply blocks, unpowered buildings, or Contaminate may cause inaccurate times.
  • Supply counts are checked every 10 seconds.